 Dungeon Crawl Stone Soup version 0.21-a0-380-gd65dc97 (webtiles) character file.

313 theanonym the Magician (level 6, 0/36 HPs)
             Began as a Deep Elf Ice Elementalist on Oct 17, 2017.
             Slain by a centaur zombie (6 damage)
             ... in an ossuary.
             The game lasted 00:21:38 (7921 turns).

theanonym the Magician (Deep Elf Ice Elementalist)  Turns: 7921, Time: 00:21:39

Health: 0/36       AC:  8    Str:  5    XL:     6   Next: 19%
Magic:  4/16       EV: 13    Int: 22    God:
Gold:   98         SH:  0    Dex: 15    Spells: 10/16 levels left

rFire    . . .     SeeInvis +   h - +0 dagger
rCold    . . .     Gourm    .   (no shield)
rNeg     . . .     Faith    .   a - +0 robe
rPois    .         Spirit   .   (no helmet)
rElec    .         Reflect  .   (no cloak)
rCorr    .         Harm     .   (no gloves)
MR       .....                  (no boots)
Stlth    ++........             (no amulet)
HPRegen  0.12/turn              g - ring of see invisible
MPRegen  0.15/turn              (no ring)

@: icy armour, slow
A: no striking features
a: no special abilities


You were in an ossuary.
You were not hungry.

You visited 2 branches of the dungeon, and saw 5 of its levels.
You also visited: Ossuary.

You collected 98 gold pieces.

Inventory:

Hand Weapons
 f - a +1 short sword of venom
   (You took it off an orc on level 3 of the Dungeon)
 h - a +0 dagger (weapon)
   (You took it off a kobold on level 1 of the Dungeon)
Missiles
 e - 172 stones (quivered)
Armour
 a - a +0 robe (worn)
Jewellery
 g - a ring of see invisible (left hand)
   (You found it on level 1 of the Dungeon)
Scrolls
 d - 3 scrolls of teleportation
 m - 2 scrolls of immolation
 o - a scroll of remove curse {unknown}
 r - 4 scrolls of identify
 s - a scroll of enchant weapon {unknown}
Potions
 j - 3 potions of curing
 k - a potion of ambrosia {unknown}
 p - a potion of degeneration {unknown}
 q - 2 potions of heal wounds
 u - a potion of cancellation {unknown}
Books
 b - a book of Frost

   Spells                             Type                      Level
   a - Freeze                         Ice                          1
   b - Throw Frost                    Conjuration/Ice              2
   c - Ozocubu's Armour               Charms/Ice                   3
   d - Throw Icicle                   Conjuration/Ice              4
   e - Summon Ice Beast               Ice/Summoning                4
Comestibles
 c - 2 bread rations
 l - a royal jelly
 n - 3 fruits


   Skills:
 + Level 2.7 Fighting
 - Level 2.4 Dodging
 - Level 2.4 Stealth
 + Level 5.5 Spellcasting
 - Level 1.1 Conjurations
 - Level 1.0 Charms
 * Level 5.1 Ice Magic


You had 10 spell levels left.
You knew the following spells:

 Your Spells              Type           Power        Failure   Level  Hunger
a - Freeze                Ice            ####         1%          1    None
b - Throw Frost           Conj/Ice       ###...       4%          2    None
g - Ozocubu's Armour      Chrm/Ice       ###.....     8%          3    ##.....


Dungeon Overview and Level Annotations

Branches:
Dungeon (4/15)             Temple (1/1) D:4

Altars:
Ashenzari
Cheibriados
Dithmenos
Elyvilon
Gozag
Hepliaklqana
Makhleb
Nemelex Xobeh
Okawaru
Qazlal
Ru
Wu Jian
Xom
Zin
The Shining One

Annotations:
D:3 exclusions: upstairs and 3 more exclusions, tof's ghost, amateur MiGl


Message History

There is an open door here.
You hit the rat zombie. You hit the rat zombie.
The rat zombie bites you but does no damage.
You hit the rat zombie but do no damage.
The rat zombie bites you but does no damage.
You barely miss the rat zombie. The rat zombie bites you.
You take 1 damage, and have 35/36 hp.
You hit the rat zombie.
The rat zombie bites you but does no damage.
You hit the rat zombie.
You destroy the rat zombie!
You hit the centaur zombie but do no damage.
The centaur zombie hits you but does no damage.
You hit the centaur zombie but do no damage.
The centaur zombie hits you. The centaur zombie barely misses you.
You take 4 damage, and have 31/36 hp.
You hit the centaur zombie. The centaur zombie misses you.
You hit the centaur zombie.
The centaur zombie hits you but does no damage.
You hit the centaur zombie but do no damage.
The centaur zombie hits you but does no damage. x2
You hit the centaur zombie but do no damage.
The centaur zombie hits you.
You take 3 damage, and have 29/36 hp.
You barely miss the centaur zombie. The centaur zombie closely misses you.
You hit the centaur zombie.
The centaur zombie hits you but does no damage.
The centaur zombie closely misses you.
Aim: a centaur zombie (lightly damaged)
You freeze the centaur zombie.
The centaur zombie completely resists.
The centaur zombie hits you.
You take 3 damage, and have 26/36 hp.
You now have 11/16 mp.
Aim: a centaur zombie (lightly damaged)
You freeze the centaur zombie.
The centaur zombie resists.
The centaur zombie closely misses you.
You now have 10/16 mp.
Aim: a centaur zombie (lightly damaged)
You freeze the centaur zombie.
The centaur zombie resists.
The centaur zombie hits you but does no damage.
Aim: a centaur zombie (moderately damaged)
You freeze the centaur zombie.
The centaur zombie resists.
The centaur zombie closely misses you.
The centaur zombie hits you but does no damage.
You now have 9/16 mp.
Aim: a centaur zombie (moderately damaged)
You freeze the centaur zombie.
The centaur zombie resists.
The centaur zombie hits you!
Your magical contamination has completely faded away.
You take 7 damage, and have 20/36 hp.
You now have 8/16 mp.
Aim: a centaur zombie (moderately damaged)
You freeze the centaur zombie.
The centaur zombie resists.
* * * LOW MAGIC WARNING * * *
The centaur zombie hits you.
* * * LOW HITPOINT WARNING * * *
You take 2 damage, and have 18/36 hp.
You now have 7/16 mp.
Aim: a centaur zombie (moderately damaged)
You freeze the centaur zombie.
The centaur zombie resists.
* * * LOW MAGIC WARNING * * *
The centaur zombie misses you. x2
You now have 6/16 mp.
Aim: a centaur zombie (moderately damaged)
You freeze the centaur zombie.
The centaur zombie completely resists.
* * * LOW MAGIC WARNING * * *
The centaur zombie hits you but does no damage.
You now have 5/16 mp.
Aim: a centaur zombie (moderately damaged)
You freeze the centaur zombie.
The centaur zombie resists.
* * * LOW MAGIC WARNING * * *
The centaur zombie closely misses you.
Aim: a centaur zombie (heavily damaged)
You freeze the centaur zombie.
The centaur zombie completely resists.
* * * LOW MAGIC WARNING * * *
The centaur zombie barely misses you.
The centaur zombie completely misses you.
You now have 4/16 mp.
Aim: a centaur zombie (heavily damaged)
You freeze the centaur zombie.
The centaur zombie resists.
* * * LOW MAGIC WARNING * * *
The centaur zombie hits you but does no damage.
You now have 3/16 mp.
You hit the centaur zombie but do no damage.
The centaur zombie hits you.
* * * LOW HITPOINT WARNING * * *
You take 2 damage, and have 16/36 hp.
You completely miss the centaur zombie. The centaur zombie hits you.
* * * LOW HITPOINT WARNING * * *
You take 3 damage, and have 13/36 hp.
You hit the centaur zombie but do no damage.
The centaur zombie hits you but does no damage.
The centaur zombie hits you!
* * * LOW HITPOINT WARNING * * *
You take 7 damage, and have 6/36 hp.
You hit the centaur zombie.
The centaur zombie hits you but does no damage.
You hit the centaur zombie but do no damage.
The centaur zombie barely misses you.
You hit the centaur zombie. The centaur zombie closely misses you.
The centaur zombie hits you.
You die...

#################
#................
#................
#....#@#......###....#
#.. #Z##....##∩##...#
# ZZZ#....#...#...#
#.Z.#....#'#.#...#
#...##..##.#.##..#
.....#..#..#..#..# #..
+#.#+#..#..#..#.∩# #..
#.# #..####..#..# #..
#..#.....#..#


You could see a rat zombie, 2 jackal zombies and 2 centaur zombies.

Vanquished Creatures
  2 centaur zombies (Ossuary)
  An orc priest (D:3)
  A worker ant (D:4)
  A human skeleton (D:4)
  A big kobold zombie (Ossuary)
  2 mummies (Ossuary)
  2 oozes
  4 adder zombies (Ossuary)
  3 dart slugs
  5 leopard geckos (D:1)
  5 orcs (D:3)
  10 bats
  5 giant cockroaches
  11 goblins
  6 hobgoblins
  6 frilled lizards
  A goblin zombie (Ossuary)
  4 hobgoblin zombies (Ossuary)
  2 jackal zombies (Ossuary)
  11 kobolds
  4 kobold zombies (Ossuary)
  An orc skeleton (D:4)
  An orc zombie (Ossuary)
  4 quokka zombies (Ossuary)
  9 rats
  3 rat zombies (Ossuary)
105 creatures vanquished.

Vanquished Creatures (others)
  A plant (D:1)
1 creature vanquished.

Grand Total: 106 creatures vanquished

Notes
Turn   | Place    | Note
-------+----------+-------------------------------------------
     0 | D:1      | theanonym the Deep Elf Ice Elementalist began the quest for the Orb.
     0 | D:1      | Reached XP level 1. HP: 10/10 MP: 6/6
   404 | D:1      | Reached XP level 2. HP: 16/16 MP: 8/8
   888 | D:1      | Reached skill level 1 in Fighting
  1238 | D:1      | Reached XP level 3. HP: 16/20 MP: 8/10
  2081 | D:1      | Learned a level 2 spell: Throw Frost
  2085 | D:1      | Learned a level 3 spell: Ozocubu's Armour
  2289 | D:2      | Reached skill level 4 in Ice Magic
  2305 | D:2      | Reached skill level 4 in Spellcasting
  3407 | D:3      | Reached XP level 4. HP: 25/25 MP: 7/12
  4374 | D:3      | Found an ornate altar of the Wu Jian Council.
  4390 | D:3      | Noticed tof's ghost (amateur MiGl)
  4842 | D:3      | Reached skill level 2 in Fighting
  5404 | D:4      | Found a staircase to the Ecumenical Temple.
  5416 | Temple   | Entered the Ecumenical Temple
  5636 | D:4      | Reached XP level 5. HP: 30/30 MP: 8/14
  5704 | D:4      | Reached skill level 5 in Spellcasting
  5737 | D:4      | Found a sand-covered staircase.
  5782 | Ossuary  | Entered an ossuary
  5839 | Ossuary  | HP: 1/30 [centaur zombie (4)]
  6681 | Ossuary  | Reached skill level 1 in Charms
  7041 | Ossuary  | Reached skill level 5 in Ice Magic
  7073 | Ossuary  | Reached XP level 6. HP: 15/36 MP: 1/16
  7921 | Ossuary  | Slain by a centaur zombie

Vault maps used:
D:1:      dpeg_arrival_long_road, serial_park_tiny_pond, lexackson_kobold_supper
D:3:      lemuel_doored_altar, first_bread
D:4:      lightli_temple_of_fire, dancing_weapons_uskayaw, temple_green,
          nicolae_ossuary_entry_catacombs
Temple:   eino_narrow_crystal_temple
Ossuary:  minmay_ossuary_two_tombs

Skill      XL: |  1  2  3  4  5 |
---------------+----------------+-----
Fighting       | 1 2 |  2.7
Ice Magic      | 4 5 |  5.1
Spellcasting   | 4 5 |  5.5
Charms         | 1 |  1.0
Dodging        | |  2.4
Stealth        | |  2.4
Conjurations   | |  1.1

Action                   |  1- 3 |  4- 6 || total
-------------------------+-------+-------++-------
Melee: Club              |    38 |       ||    38
       Unarmed           |     1 |       ||     1
       Dagger            |    98 |   349 ||   447
Throw: Stone             |    12 |     2 ||    14
 Cast: Freeze            |    28 |    88 ||   116
       Throw Frost       |     1 |    21 ||    22
       Ozocubu's Armour  |     1 |    16 ||    17
  Use: Scroll            |       |     7 ||     7
       Potion            |       |     7 ||     7
 Stab: Sleeping          |     9 |     3 ||    12
  Eat: Chunk             |     6 |       ||     6
       Meat ration       |     1 |     1 ||     2
       Fruit             |       |     2 ||     2
       Bread ration      |       |     2 ||     2
Armor: Robe              |    29 |   110 ||   139
       Skin              |       |    14 ||    14
Dodge: Dodged            |   118 |   275 ||   393

Table legend:
 A = Spawn XP
 B = Non-spawn XP
 C = Spawn XP percentage of total XP
 D = Spawn monster count
 E = Non-spawn monster count
 F = Spawn count percentage of total count
 G = Total turns spent on level
                    A         B        C        D         E        F      G
               +---------+---------+-------+---------+---------+-------+---------
         Total |       0 |     448 |   0.0 |       0 |     105 |   0.0 |  7921
               +---------+---------+-------+---------+---------+-------+---------
           D:1 |       0 |      66 |   0.0 |       0 |      35 |   0.0 |  2087
           D:2 |       0 |      29 |   0.0 |       0 |      15 |   0.0 |  1893
           D:3 |       0 |      89 |   0.0 |       0 |      23 |   0.0 |  1412
           D:4 |       0 |      69 |   0.0 |       0 |       4 |   0.0 |   240
       Ossuary |       0 |     195 |   0.0 |       0 |      28 |   0.0 |  2139
               +---------+---------+-------+---------+---------+-------+---------
